 Dungeon Crawl Stone Soup version 0.17-b1-36-g7b1967c (webtiles) character file.

9890 hannobal the Basher (level 11, -13/94 HPs)
             Began as a Naga Assassin on Nov 6, 2015.
             Was a Priest of Ru.
             Mangled by a hill giant
             ... wielding a +0 giant club
              (26 damage)
             ... on level 10 of the Dungeon.
             The game lasted 00:56:45 (14688 turns).

hannobal the Basher (Naga Assassin)                Turns: 14688, Time: 00:56:45

Health: -13/94     AC:  9    Str: 12    XL:     11   Next: 53%
Magic:  11/11      EV: 11    Int: 14    God:    Ru [***...]
Gold:   158        SH:  0    Dex: 15    Spells: 0 memorised, 10 levels left

rFire  + . .     SeeInvis +     a - +7 whip of Ratuedgh {slash, rF+ Str-2 Int+4 SInv}
rCold  + . .     Clarity  .     y - +2 robe {rN+}
rNeg   + . .     SustAt   .     (no shield)
rPois  +         Gourm    .     (no helmet)
rElec  .         Spirit   .     E - +2 cloak
rCorr  .         Warding  .     (no gloves)
rMut   .         Stasis   .     (no barding)
MR     +....                    (no amulet)
Stlth  ++++......               T - ring of wizardry
                                o - ring of protection from cold

@: very slightly contaminated, very slow, somewhat resistant to hostile
enchantments, stealthy
A: see invisible, deformed body, dopey 1, poison resistance, slowness 2, slow
metabolism 1, spit poison 2, inability to train armour, unskilled 1, AC +3
a: Spit Poison, Draw Out Power, Renounce Religion


You were on level 10 of the Dungeon.
You worshipped Ru.
Ru was most pleased with you.
You were near starving.

You visited 2 branches of the dungeon, and saw 11 of its levels.
You also visited: Bailey.

You collected 504 gold pieces.
You spent 346 gold pieces at shops.

Inventory:

Hand Weapons
 a - the +7 whip of Ratuedgh (weapon) {slash, rF+ Str-2 Int+4 SInv}
   (You found it on level 5 of the Dungeon)

   It inflicts extra damage upon your enemies.
   It affects your strength (-2).
   It affects your intelligence (+4).
   It protects you from fire.
   It lets you see invisible.
 b - a +0 hunting sling
 j - a +0 war axe
 p - a +2 dagger
 q - a +0 spear
 w - a +0 blowgun
 z - a +2 dagger of electrocution
 C - a +2 whip of flaming
 F - a +0 morningstar of flaming
 J - a +0 shortbow
 N - the +0 quarterstaff of the Forgotten Songs {freeze, rF- MP+9 Int+3}
   (You bought it in a shop on level 9 of the Dungeon)

   It has been specially enchanted to freeze those struck by it, causing extra
   injury to most foes and up to half again as much damage against particularly
   susceptible opponents.
   It can also slow down cold-blooded creatures.
   It affects your intelligence (+3).
   It makes you vulnerable to fire.
   It affects your magic capacity (+9).
 O - a +1 war axe of electrocution
 P - a +3 morningstar of pain
 W - a +0 antimagic hand axe
Missiles
 d - 105 arrows
 e - 50 poisoned needles
 f - 29 tomahawks of returning (quivered)
 h - 11 exploding sling bullets
 k - 5 bolts
 m - 292 stones
 t - 43 sling bullets
 A - 3 tomahawks
 M - 16 silver sling bullets
 R - 4 curare-tipped needles
 S - a throwing net
 V - 8 bolts of flame
Armour
 y - a +2 robe of positive energy (worn)
 D - a +0 buckler
 E - a +2 cloak (worn)
Jewellery
 c - an uncursed ring of magical power
 o - a ring of protection from cold (left hand)
 T - a ring of wizardry (right hand)
Wands
 B - a wand of lightning (8)
 H - a wand of digging (17)
 I - a wand of fire (0)
 U - a wand of paralysis (17)
Scrolls
 i - 3 scrolls of identify
 r - 7 scrolls of remove curse
 x - a scroll of amnesia
 G - a scroll of silence
 L - a scroll of recharging
Potions
 l - 9 potions of curing
Books
 n - an Akashic Record

   Spells                             Type                      Level
   a - Dispersal                      Translocation                6
   b - Malign Gateway                 Summoning/Translocation      7
   c - Disjunction                    Translocation                8
   d - Controlled Blink               Translocation                8
 s - a book of the Warp

   Spells                             Type                      Level
   a - Recall                         Summoning/Translocation      3
   b - Gell's Gravitas                Hexes/Translocation          3
   c - Force Lance                    Conjuration/Translocation    4
   d - Phase Shift                    Translocation                5
   e - Warp Weapon                    Charms/Translocation         5
   f - Summon Forest                  Summoning/Translocation      5
Comestibles
 g - 6 bread rations
 u - 3 meat rations


   Skills:
 - Level 5.1 Fighting
 - Level 1.7 Short Blades
 - Level 7.4(10.3) Axes
 - Level 11.1(12.0) Maces & Flails
 - Level 5.4 Throwing
 + Level 3.7 Dodging
 - Level 6.1 Stealth
 - Level 1.2 Evocations


You had 10 spell levels left.
You didn't know any spells.

Dungeon Overview and Level Annotations

Branches:
Dungeon (10/15)            Temple (1/1) D:7             Orc (0/4) D:10
   Lair: D:8-11

Altars:
Ashenzari
Cheibriados
Dithmenos
Elyvilon
Fedhas
Gozag
Kikubaaqudgha
Makhleb
Nemelex Xobeh
Okawaru
Qazlal
Ru
Sif Muna
Trog
Vehumet
Xom
Yredelemnul
Zin
The Shining One

Shops:
D:6 :   D:9 ?(


Innate Abilities, Weirdness & Mutations

You cannot wear boots.
Your serpentine skin is tough (AC +3).
You have supernaturally acute eyesight.
Armour fits poorly on your strangely shaped body.
You are dopey. (Int -2)
Your system is resistant to poisons.
You cover ground very slowly.
You have a slow metabolism.
You can spit poison.
You cannot train Armour skill.
You are somewhat unskilled (-1 Apt).


Message History

Read which item? (? for menu, Esc to quit)
Okay, then.
Drink which item? (? for menu, Esc to quit)
You feel yourself speed up.
You are very lightly contaminated with residual magic.
The hill giant hits you with a giant club!
* * * LOW HITPOINT WARNING * * *
The hill giant is stunned by your will and fails to attack.
You are near starving!
You open the door.
There is an open door here.
Your extra speed is starting to run out.
You feel yourself slow down.
Read which item? (? for menu, Esc to quit)
Okay, then.
Drink which item? (? for menu, Esc to quit)
Okay, then.
You open the door.
The hill giant hits you with a giant club!!
You die...

# ....##..# # # ##......#### #
#.......... # #.....##'## ##
#.....#.... .# #########
#.......... .# #.......#
####.....≈≈.P≈ .#
#.......#....#.##.≈≈≈≈≈≈
##########.....C@'..$.#.##.≈≈≈≈..
.................#....#.†.≈≈≈≈...
.................# ...#<÷.≈≈≈≈...
..........#############'#.≈≈≈≈.≈.
..........# ........#.≈≈≈≈≈≈≈
.###...#### ........#.≈≈≈≈≈≈≈
.##.....# ........#..≈≈..≈≈
.#..P....# ........#.......≈
.#.P.....# ........#...#....


You could see a hill giant.

Vanquished Creatures
  Sonja (D:10)
  An unseen horror (D:8)
  Pikel (D:5)
  An orc knight (Bailey)
  A hill giant (D:7)
  A cyclops (D:8)
  The ghost of tp1 the Infuser, a novice DECj (D:6)
  Grinder (D:5)
  Prince Ribbit (D:5)
  A spriggan (D:8)
  Sigmund (D:4)
  4 yaks (D:9)
  3 hungry ghosts
  A hippogriff (D:10)
  4 vampire mosquitoes
  3 insubstantial wisps (D:10)
  Duvessa (D:5)
  3 sky beasts
  Purgy (D:3)
  3 orc warriors
  4 black bears
  2 phantoms (D:8)
  A necrophage (D:6)
  3 slaves (D:5)
  2 ice beasts
  4 ogres
  2 centaurs
  A big kobold (D:9)
  4 giant frogs
  Dowan (D:5)
  A gnoll sergeant (D:9)
  2 scorpions (D:8)
  4 killer bees (D:9)
  5 crimson imps
  6 hounds
  2 jellies
  3 giant frog skeletons
  Crazy Yiuf (D:6)
  2 centaur skeletons
  6 orc priests
  An iron imp (D:9)
  10 orc wizards
  4 iguanas
  5 worker ants
  A mummy (D:6)
  A hound zombie (D:8)
  6 gnolls
  13 adders
  A shadow imp (D:5)
  An adder skeleton (D:8)
  2 worms (D:2)
  10 giant geckos
  35 orcs
  5 giant cockroaches
  12 goblins
  9 hobgoblins
  9 jackals
  27 kobolds
  3 quokkas
  4 ball pythons
  7 bats
  A giant gecko skeleton (D:4)
  10 giant newts
  A hobgoblin zombie (D:6)
  3 orc zombies (D:6)
  2 quokka skeletons
  9 rats
  2 plants (D:10)
284 creatures vanquished.

Vanquished Creatures (others)
  A swamp drake (D:10)
  A slave (D:5)
  5 sheep (D:9)
  An adder (D:2)
  An orc (D:10)
  2 giant newts
  2 fungi (D:6)
13 creatures vanquished.

Grand Total: 297 creatures vanquished

Notes
Turn   | Place    | Note
--------------------------------------------------------------
     0 | D:1      | hannobal the Naga Assassin began the quest for the Orb.
     0 | D:1      | Reached XP level 1. HP: 19/19 MP: 1/1
    37 | D:1      | Reached skill level 6 in Stealth
    63 | D:1      | Reached skill level 1 in Dodging
   159 | D:1      | Reached XP level 2. HP: 26/26 MP: 2/2
   865 | D:2      | Reached XP level 3. HP: 33/33 MP: 3/3
  1312 | D:2      | Found a bloodstained altar of Trog.
  1312 | D:2      | Found an iron altar of Okawaru.
  1381 | D:2      | Reached XP level 4. HP: 42/42 MP: 4/4
  1462 | D:2      | Found a sacrificial altar of Ru.
  1522 | D:2      | Became a worshipper of Ru the Awakened
  1679 | D:2      | Found a stormy altar of Qazlal.
  2033 | D:2      | Found a white marble altar of Elyvilon.
  2614 | D:3      | Found a faded altar to an unknown god.
  3176 | D:3      | Gained mutation: You are somewhat unskilled (-1 Apt). [Ru sacrifice]
  3176 | D:3      | Reduced skill Short Blades to level 1
  3176 | D:3      | Reduced skill Dodging to level 1
  3176 | D:3      | Reduced skill Stealth to level 5
  3176 | D:3      | Reached * piety under Ru
  3233 | D:3      | Noticed Purgy
  3250 | D:3      | Killed Purgy
  3250 | D:3      | Reached XP level 5. HP: 25/50 MP: 5/5
  4118 | D:4      | Reached XP level 6. HP: 57/57 MP: 6/6
  4168 | D:4      | Found a radiant altar of Vehumet.
  4173 | D:4      | Found a snail-covered altar of Cheibriados.
  4257 | D:4      | Noticed Sigmund
  4261 | D:4      | Killed Sigmund
  4677 | D:5      | Entered Level 5 of the Dungeon
  4865 | D:5      | Reached skill level 1 in Axes
  4865 | D:5      | Reached XP level 7. HP: 40/64 MP: 7/7
  5002 | D:5      | Noticed Prince Ribbit
  5008 | D:5      | Noticed Pikel
  5014 | D:5      | Killed Prince Ribbit
  5518 | D:5      | Killed Pikel
  5518 | D:5      | Reached skill level 6 in Axes
  5518 | D:5      | Reached XP level 8. HP: 45/72 MP: 8/8
  5541 | D:5      | Noticed Grinder
  5587 | D:5      | Paralysed by Grinder for 5 turns
  5994 | D:5      | Noticed Duvessa
  5997 | D:5      | Noticed Dowan
  6025 | D:5      | Killed Duvessa
  6434 | D:5      | Killed Dowan
  6434 | D:5      | Reached skill level 7 in Axes
  6790 | D:5      | Got a translucent whip
  6791 | D:5      | Identified the +7 whip of Ratuedgh {slash, rF+ Str-2 Int+4 SInv} (You found it on level 5 of the Dungeon)
  6979 | D:5      | Paralysed by Grinder for 7 turns
  6993 | D:5      | Killed Grinder
  6993 | D:5      | Reached XP level 9. HP: 72/78 MP: 9/9
  7344 | D:6      | Found an ancient bone altar of Kikubaaqudgha.
  7357 | D:6      | Noticed tp1's ghost (novice DECj)
  7371 | D:6      | Killed tp1's ghost
  7371 | D:6      | Reached skill level 5 in Maces & Flails
  8072 | D:6      | Found Ilusov's Book Boutique.
  8096 | D:6      | Noticed Crazy Yiuf
  8203 | D:6      | Reached skill level 1 in Evocations
  8491 | D:6      | Found a glowing silver altar of Zin.
  8558 | D:7      | Found a glowing golden altar of the Shining One.
  8634 | D:6      | Killed Crazy Yiuf
  8976 | D:7      | Found a flagged portal.
  9017 | Bailey   | Entered a bailey
  9337 | Bailey   | Noticed an orc knight
  9339 | Bailey   | Reached XP level 10. HP: 75/85 MP: 10/10
  9353 | Bailey   | Noticed an orc knight
  9358 | Bailey   | Killed an orc knight
  9358 | Bailey   | Reached skill level 8 in Maces & Flails
  9617 | D:7      | Noticed a hill giant
  9641 | D:7      | Killed a hill giant
  9688 | D:7      | Found a staircase to the Ecumenical Temple.
  9731 | Temple   | Entered the Ecumenical Temple
 10161 | D:8      | Reached skill level 9 in Maces & Flails
 10926 | D:8      | Gained mutation: You cannot train Armour skill. [Ru sacrifice]
 10926 | D:8      | Reached ** piety under Ru
 11458 | D:8      | Reached skill level 10 in Maces & Flails
 11671 | D:8      | Found a runed door.
 11818 | D:8      | Noticed an unseen horror
 11818 | D:8      | Noticed a cyclops
 11828 | D:8      | Killed an unseen horror
 11852 | D:8      | Killed a cyclops
 12291 | D:9      | Found a shimmering altar of Xom.
 12302 | D:9      | Found Xoasok's Antique Weapon Shoppe.
 12322 | D:9      | Bought an ebony quarterstaff for 189 gold pieces
 12322 | D:9      | Identified the +0 quarterstaff of the Forgotten Songs {freeze, rF- MP+9 Int+3} (You bought it in a shop on level 9 of the Dungeon)
 12323 | D:9      | Bought a runed war axe for 73 gold pieces
 12323 | D:9      | Bought a glowing morningstar for 84 gold pieces
 12643 | D:9      | Reached skill level 11 in Maces & Flails
 12648 | D:9      | Reached XP level 11. HP: 82/92 MP: 11/11
 12732 | D:9      | Found Disoinil's Magic Scroll Shop.
 12856 | D:9      | Found a shadowy altar of Dithmenos.
 12928 | D:9      | Found a burning altar of Makhleb.
 12976 | D:9      | Found a shimmering altar of Xom.
 13252 | D:9      | Gained mutation: You are dopey. (Int -2) [Ru sacrifice]
 13252 | D:9      | Reached *** piety under Ru
 13723 | D:10     | Entered Level 10 of the Dungeon
 14003 | D:9      | Reached skill level 5 in Fighting
 14393 | D:10     | Noticed Sonja
 14408 | D:10     | Killed Sonja
 14408 | D:10     | Reached skill level 5 in Throwing
 14484 | D:10     | Found a staircase to the Orcish Mines.
 14646 | D:10     | Noticed a hill giant
 14649 | D:10     | HP: 4/94 [hill giant/giant club (10)]
 14688 | D:10     | Mangled by a hill giant

Action                   |  1- 3 |  4- 6 |  7- 9 | 10-12 || total
-------------------------+-------+-------+-------+-------++-------
Melee: Dagger            |    73 |    41 |       |       ||   114
       War axe           |       |    95 |    62 |       ||   157
       Whip              |       |       |   199 |   467 ||   666
 Fire: Blowgun           |    32 |    55 |    57 |    57 ||   201
       Hunting sling     |     4 |    19 |    76 |    13 ||   112
Throw: Stone             |     2 |     5 |    15 |     1 ||    23
       Tomahawk          |       |       |       |    17 ||    17
Invok: Sacrifice Skill   |       |     1 |       |       ||     1
       Reject Sacrifices |       |       |     1 |       ||     1
       Sacrifice Durabil |       |       |       |     1 ||     1
       Sacrifice Purity  |       |       |       |     1 ||     1
 Abil: Spit Poison       |       |       |     4 |     2 ||     6
Evoke: Wand              |       |       |       |     7 ||     7
  Use: Scroll            |     7 |     1 |     8 |    12 ||    28
       Potion            |     3 |     1 |     2 |     3 ||     9
 Stab: Sleeping          |    10 |    14 |     8 |    16 ||    48
       Distracted        |     1 |     2 |     4 |     2 ||     9
       Fleeing           |       |       |     2 |       ||     2
       Invisible         |       |       |       |     2 ||     2
  Eat: Chunk             |     1 |     8 |     6 |    12 ||    27
       Pizza             |       |     1 |       |     8 ||     9
       Bread ration      |       |       |     1 |       ||     1
       Royal jelly       |       |       |       |     2 ||     2
       Beef jerky        |       |       |       |     2 ||     2
